 Dungeon Crawl Stone Soup version 0.30-a0-118-ga018f8e90f (console) character file.

Game seed: 16442219797026275841

21997 jejorda2 the Impaler (level 12, 0/136 HPs)
             Began as a Merfolk Berserker on Sept 13, 2022.
             Was an Elder of Trog.
             Succumbed to a black mamba's poison
             ... on level 3 of the Lair of Beasts.
             The game lasted 00:30:41 (13493 turns).

jejorda2 the Impaler (Merfolk Berserker)           Turns: 13493, Time: 00:30:42

Health: 0/136      AC: 17    Str: 22    XL:     12   Next: 95%
Magic:  12/12      EV: 15    Int:  9    God:    Trog [****..]
Gold:   547        SH:  5    Dex: 14    Spells: 11/11 levels left

rFire   . . .      SeeInvis .    b - +0 trident
rCold   . . .      Faith    .    (no shield)
rNeg    . . .      Spirit   .    x - +0 plate armour
rPois   +          Reflect  +    C - +2 helmet {Int+3}
rElec   .          Harm     .    k - +0 cloak
rCorr   .          Rampage  .    (no gloves)
Will    .....                    (no boots)
Stlth   ..........               R - amulet of reflection
HPRegen 0.32/turn                S - ring of the Hare {EV+8}
MPRegen 0.13/turn                F - ring of poison resistance

@: berserking (expiring), lethally poisoned (0 -> -6), very quick
A: (nimble swimmer 2), mertail
a: Renounce Religion, Berserk, Trog's Hand, Brothers in Arms


You were on level 3 of the Lair of Beasts.
You worshipped Trog.
Trog was greatly pleased with you.
You visited 2 branches of the dungeon, and saw 11 of its levels.
You also visited: Ossuary and Bailey.

You collected 694 gold pieces.
You spent 147 gold pieces at shops.

Inventory:

Hand Weapons
 a - a +0 scythe of venom
 b - a +0 trident (weapon)
Missiles
 d - 28 boomerangs (quivered)
 e - 71 stones
 i - 2 throwing nets
 u - 2 poisoned darts
 T - 2 javelins
Armour
 k - a +0 cloak (worn)
 x - a +0 plate armour (worn)
 C - a +2 helmet of intelligence (worn)
Jewellery
 f - a ring of protection from cold
 g - a ring of flight
 y - a +4 ring of evasion
 A - a +4 ring of protection
 F - a ring of poison resistance (right hand)
 O - a ring of willpower
 R - an amulet of reflection (around neck)
 S - the ring of the Hare (left hand) {EV+8}
   (You found it on level 2 of the Lair of Beasts)

   [ring of evasion]

   EV:        It affects your evasion (+8).
Wands
 c - a wand of polymorph (6)
 n - a wand of quicksilver (7)
 v - a wand of flame (14)
 B - a wand of digging (6)
 P - a wand of mindburst (3)
 U - a wand of charming (7)
Scrolls
 l - 3 scrolls of immolation
 o - a scroll of enchant weapon
 p - 5 scrolls of poison
 q - 2 scrolls of torment
 s - 7 scrolls of identify
 z - a scroll of blinking
 D - 3 scrolls of teleportation
 G - 3 scrolls of fog
 H - 3 scrolls of summoning
 J - 3 scrolls of fear
Potions
 h - a potion of ambrosia
 j - 7 potions of heal wounds
 m - 3 potions of resistance
 r - 2 potions of flight
 t - 10 potions of curing
 w - 2 potions of haste
 E - a potion of attraction
 I - a potion of invisibility
 K - 2 potions of lignification
 M - a potion of berserk rage
 N - a potion of mutation
 Q - 2 potions of might


   Skills:
 + Level 7.0 Fighting
 - Level 20.0 Polearms
 * Level 11.0 Throwing
 + Level 6.5 Armour
 - Level 2.6 Dodging


You had 11 spell levels left.
You didn't know any spells.
Your spell library was empty.

Dungeon Overview and Level Annotations

Branches:
Dungeon (8/15)             Temple (0/1) D:4            Lair (3/5) D:8
  Snake (0/4) Lair:2      Ossuary (visited)          Bailey (visited)
  Swamp: Lair:2-3    Shoals: Lair:2-3

Altars:
Dithmenos
Nemelex Xobeh
Ru
Xom

Shops:
D:2 *

Annotations:
D:5 2 runed translucent doors, exclusion: 2 doors


Innate Abilities, Weirdness & Mutations

((You are very nimble when in or above water. (Stealth+, EV+, Speed+++)))
Your lower body shifts to a powerful aquatic tail in water.


Message History

You feel sick.
You impale the five-headed hydra!!
The five-headed hydra is moderately wounded.
You feel sick.
You puncture the five-headed hydra!
The five-headed hydra is heavily wounded.
You feel sick.
You block the five-headed hydra's attack.
The five-headed hydra bites you!
* * * LOW HITPOINT WARNING * * *
The five-headed hydra bites you!
* * * LOW HITPOINT WARNING * * *
The five-headed hydra bites you but does no damage.
You block the five-headed hydra's attack.
You puncture the five-headed hydra!
The five-headed hydra is severely wounded.
* * * LOW HITPOINT WARNING * * *
You feel sick.
Unknown command.
You puncture the five-headed hydra!
The five-headed hydra is almost dead.
* * * LOW HITPOINT WARNING * * *
You feel sick.
The five-headed hydra bites you but does no damage.
The five-headed hydra bites you.
* * * LOW HITPOINT WARNING * * *
The five-headed hydra barely misses you.
The five-headed hydra closely misses you.
The five-headed hydra barely misses you.
You impale the five-headed hydra!!
You kill the five-headed hydra!
Trog accepts your kill.
* * * LOW HITPOINT WARNING * * *
You feel sick.
Your Fighting skill increases to level 7!
Your Throwing skill increases to level 11!
* * * LOW HITPOINT WARNING * * *
You feel sick.
You feel a strong urge to attack something.
You die...

##### ###
###.#.#####.###
^.............#
####..P..#P...#####
##..#.#...........#
.......#..#......P#
......[P.###.##...#
.........P##..##@##
.......P####..##.##
..##...## ...#...#
#.##.### #..##.#.#
.###.# .. #.....
.##..# ######[.
####.# ... #..###
## # #....#


There were no monsters in sight!

Vanquished Creatures
  An orc warlord (Bailey)
  3 hydras
  A wolf spider (Lair:2)
  A cyclops (D:6)
  5 elephants
  3 black mambas
  9 cane toads
  2 komodo dragons (Lair:3)
  A hornet (Lair:2)
  Grinder (D:5)
  9 blink frogs
  Sigmund (D:5)
  A wraith (D:6)
  4 yaks (D:8)
  4 wyverns
  3 basilisks
  Eustachio (D:4)
  Duvessa (D:5)
  5 water moccasins (Lair:2)
  2 sky beasts (D:7)
  8 orc warriors
  3 black bears
  An ice beast (D:8)
  6 centaurs (D:8)
  A phantom (D:6)
  9 bullfrogs
  3 scorpions
  2 water moccasin zombies (Ossuary)
  Dowan (D:5)
  6 killer bees (D:7)
  2 howler monkeys (D:8)
  3 bullfrog zombies (Ossuary)
  2 hounds
  A centaur zombie (Ossuary)
  An orc priest (D:5)
  3 gnoll boudas
  An iguana (D:5)
  Ijyb (D:4)
  4 orc wizards
  A scorpion zombie (Ossuary)
  2 ogre zombies (Ossuary)
  2 mummies
  17 adders
  7 gnolls
  2 ufetubi (D:6)
  4 adder zombies (Ossuary)
  3 worms
  5 dart slugs
  32 orcs
  6 endoplasms
  A giant cockroach (D:1)
  2 gnoll zombies (Ossuary)
  18 goblins
  13 hobgoblins
  2 quokkas
  7 ball pythons
  10 bats
  6 frilled lizards
  3 goblin zombies
  A hobgoblin zombie (Ossuary)
  20 kobolds
  5 orc zombies
  6 rats
291 creatures vanquished.

Vanquished Creatures (others)
  6 fungi
  26 plants
32 creatures vanquished.

Grand Total: 323 creatures vanquished

Notes
Turn   | Place    | Note
-------+----------+-------------------------------------------
     0 | D:1      | jejorda2 the Merfolk Berserker began the quest for the Orb.
     0 | D:1      | Reached XP level 1. HP: 18/18 MP: 1/1
   324 | D:1      | Reached XP level 2. HP: 18/24 MP: 2/2
   622 | D:1      | Reached XP level 3. HP: 30/30 MP: 3/3
   921 | D:2      | Found Livubole's General Store.
   960 | D:2      | Bought a scroll of teleportation for 42 gold pieces
   974 | D:2      | Reached ** piety under Trog
  1101 | D:2      | Reached XP level 4. HP: 33/37 MP: 4/4
  1353 | D:2      | Found a faded altar of an unknown god.
  1558 | D:2      | Reached skill level 5 in Polearms
  2118 | D:3      | Reached XP level 5. HP: 43/43 MP: 5/5
  2172 | D:3      | Found a sacrificial altar of Ru.
  2172 | D:3      | Found a shadowy altar of Dithmenos.
  2172 | D:3      | Found a sparkling altar of Nemelex Xobeh.
  2505 | D:3      | Reached *** piety under Trog
  2792 | D:4      | Found a staircase to the Ecumenical Temple.
  2938 | D:4      | Reached skill level 6 in Polearms
  3126 | D:4      | Noticed Ijyb
  3168 | D:4      | Killed Ijyb
  3169 | D:4      | Reached XP level 6. HP: 50/50 MP: 6/6
  3545 | D:4      | Reached skill level 5 in Fighting
  3878 | D:4      | Noticed Eustachio
  3968 | D:4      | Killed Eustachio
  3969 | D:4      | Reached skill level 7 in Polearms
  3969 | D:4      | Reached XP level 7. HP: 28/56 MP: 7/7
  4225 | D:5      | Entered Level 5 of the Dungeon
  4452 | D:5      | Found a runed translucent door.
  4458 | D:5      | Noticed a vampire mosquito
  4459 | D:5      | Found a runed translucent door.
  4544 | D:5      | Noticed Duvessa
  4544 | D:5      | Noticed Dowan
  4574 | D:5      | Killed Duvessa
  4575 | D:5      | Reached skill level 8 in Polearms
  4759 | D:5      | Noticed Grinder
  4772 | D:5      | Killed Grinder
  4773 | D:5      | Reached XP level 8. HP: 64/64 MP: 8/8
  5190 | D:5      | Reached skill level 9 in Polearms
  5413 | D:5      | Killed Dowan
  5501 | D:5      | Noticed Sigmund
  5509 | D:5      | Killed Sigmund
  5884 | D:6      | Noticed a wraith
  5890 | D:6      | Killed a wraith
  5891 | D:6      | Reached skill level 10 in Polearms
  5976 | D:6      | Noticed a cyclops
  5982 | D:6      | Killed a cyclops
  5983 | D:6      | Reached skill level 11 in Polearms
  5983 | D:6      | Reached XP level 9. HP: 67/69 MP: 9/9
  6282 | D:6      | Reached skill level 5 in Armour
  6634 | D:6      | Reached skill level 12 in Polearms
  7022 | D:7      | Found a shimmering altar of Xom.
  7548 | D:7      | Reached skill level 13 in Polearms
  7876 | D:2      | Bought a scroll of magic mapping for 105 gold pieces
  8119 | D:8      | Found a flagged portal.
  8141 | Bailey   | Entered a bailey
  8239 | Bailey   | Noticed an orc warlord
  8247 | Bailey   | Reached **** piety under Trog
  8270 | Bailey   | Reached skill level 1 in Throwing
  8350 | Bailey   | Reached XP level 10. HP: 46/76 MP: 10/10
  8367 | Bailey   | Reached skill level 14 in Polearms
  8395 | Bailey   | Found a runed translucent gate.
  8396 | Bailey   | Found a runed translucent gate.
  8397 | Bailey   | Found a runed translucent gate.
  8457 | Bailey   | Killed an orc warlord
  8480 | Bailey   | Reached skill level 17 in Polearms
  8480 | Bailey   | Reached XP level 11. HP: 79/81 MP: 11/11
  8612 | D:8      | Found a sand-covered staircase.
  8617 | Ossuary  | Entered an ossuary
  8886 | D:8      | Found a staircase to the Lair.
  9175 | D:8      | Reached ***** piety under Trog
  9603 | Lair:1   | Entered Level 1 of the Lair of Beasts
  9818 | Lair:1   | Reached skill level 18 in Polearms
 11026 | Lair:2   | Noticed a wolf spider
 11043 | Lair:2   | Killed a wolf spider
 11044 | Lair:2   | Reached XP level 12. HP: 39/88 MP: 12/12
 11332 | Lair:2   | Reached skill level 19 in Polearms
 11429 | Lair:2   | Found the ring of the Hare {EV+8}
 12254 | Lair:2   | Noticed a six-headed hydra
 12264 | Lair:2   | Killed a six-headed hydra
 12416 | Lair:2   | Noticed an eight-headed hydra
 12429 | Lair:2   | Killed an eight-headed hydra
 12606 | Lair:2   | Found a staircase to the Snake Pit.
 12991 | Lair:3   | Reached skill level 20 in Polearms
 12991 | Lair:3   | Reached skill level 10 in Throwing
 13472 | Lair:3   | Noticed a five-headed hydra
 13488 | Lair:3   | HP: 6/133 [five-headed hydra (11)]
 13491 | Lair:3   | Killed a five-headed hydra
 13491 | Lair:3   | HP: 2/133 [poisoned by a black mamba]
 13493 | Lair:3   | Succumbed to a black mamba's poison

Illustrated notes

Levels and vault maps discovered:
D:1:      dpeg_arrival_water_fire, layout_rooms
D:2:      layout_rooms, serial_shops, nicolae_shop_statue_plus,
          ebering_ecumenical_altar_webs, st_stairs_12, hex_tiny
D:3:      layout_basic, gammafunk_temple_overflow_claw
D:4:      layout_gridville, minmay_temple_entry_tees, uniq_ijyb, uniq_eustachio
D:5:      lemuel_insect_pit, layout_basic, wad_floor_pattern_untrapped,
          chequers_serial_rivers_small_b, nicolae_titane, uniq_sigmund,
          uniq_duvessa, uniq_grinder
D:6:      minmay_opposing_rooms, layout_layer_cave, minmay_misc_feat_iff
D:7:      layout_basic, mainiacjoe_overflow_small_starburst
D:8:      layout_layer_cave, dpeg_oklobed_lair, enter_bailey_5,
          nicolae_ossuary_entry_giza, centaur_isle
Lair:1:   wander_river, layout_regular_city, serial_bayou_shore_b,
          wad_woods_river_01
Lair:2:   minmay_lair_venomous_thicket, layout_regular_city,
          minmay_snake_entry_six_corridors
Lair:3:   layout_loops_ring, elwin_shoals_entry_rooms, basic_altar,
          nicolae_quartered_pool_impasse, dpeg_oklob_1, uniq_rupert

Skill      XL: |  1  2  3  4  5  6  7  8  9 10 11 12 |
---------------+-------------------------------------+-----
Armour         | 2 3 4 5 6 |  6.5
Fighting       | 4 5 6 7 |  7.0
Polearms       | 5 6 7 8 11 13 17 18 20 | 20.0
Throwing       | 1 7 9 11 | 11.0
Dodging        | |  2.6

Action                   |  1- 3 |  4- 6 |  7- 9 | 10-12 || total
-------------------------+-------+-------+-------+-------++-------
Melee: Spear             |   143 |   265 |    97 |       ||   505
       Punch             |       |     3 |       |       ||     3
       Unarmed           |       |    21 |       |       ||    21
       Halberd           |       |       |   272 |   481 ||   753
       Trident           |       |       |    10 |    21 ||    31
       Tailslap          |       |       |     5 |     9 ||    14
Throw: Stone             |     1 |     1 |     4 |       ||     6
       Boomerang         |       |       |       |    15 ||    15
Invok: Berserk           |     1 |     7 |     6 |     9 ||    23
       Trog's Hand       |       |     3 |     3 |     4 ||    10
Evoke: Wand              |       |     1 |       |       ||     1
  Use: Scroll            |       |    14 |     7 |     9 ||    30
       Potion            |       |       |       |     2 ||     2
 Stab: Sleeping          |     2 |       |       |       ||     2
Armor: Leather armour    |    30 |       |       |       ||    30
       Ring mail         |    14 |    38 |       |       ||    52
       Plate armour      |       |    85 |   124 |   215 ||   424
Dodge: Dodged            |    96 |    91 |   121 |   178 ||   486
Block: Other             |       |       |       |    21 ||    21

Table legend: (Time is in decaauts)
 A = Elapsed time spent in this place.
 B = Non-inter-level travel time spent in this place.
 C = Inter-level travel time spent in this place.
 D = Time resting spent in this place.
 E = Time spent auto-exploring this place.
 F = Levels seen in this place.
 G = Mean time per level.
                   A        B        C        D        E       F      G
               +--------+--------+--------+--------+--------+-----+--------+
         Total |  13293 |  12644 |    649 |   2442 |   7907 |  13 | 1022.5 |
       Dungeon |   8896 |   8304 |    592 |   1270 |   5629 |   8 | 1112.0 |
          Lair |   3803 |   3746 |     57 |   1105 |   2134 |   3 | 1267.7 |
       Ossuary |    179 |    179 |      0 |      0 |     51 |   1 |  179.0 |
        Bailey |    414 |    414 |      0 |     67 |     93 |   1 |  414.0 |
               +--------+--------+--------+--------+--------+-----+--------+

Top non-repeatable levels by time:
  Lair:2: 1694 daAuts
  Lair:1: 1612 daAuts
     D:5: 1543 daAuts
     D:4: 1466 daAuts
     D:7: 1090 daAuts
     D:6: 1071 daAuts
     D:3: 1013 daAuts
     D:2: 920 daAuts
     D:1: 915 daAuts
     D:8: 875 daAuts
  Lair:3: 497 daAuts
  Bailey: 414 daAuts
 Ossuary: 179 daAuts
